 Dungeon Crawl Stone Soup version 0.26.1-2-gb8aa6d0cf2 (webtiles) character file.

Game seed: 5870565074027216813

81 Groucho the Insei (level 4, -6/34 HPs)
             Began as a Gnoll Transmuter on Feb 22, 2021.
             Mangled by a gnoll
             ... wielding a +0 spear
              (7 damage)
             ... on level 3 of the Dungeon.
             The game lasted 00:03:40 (3395 turns).

Groucho the Insei (Gnoll Transmuter)                Turns: 3395, Time: 00:03:41

Health: -6/34      AC:  3    Str: 13    XL:     4   Next: 40%
Magic:  10/11      EV: 15    Int: 16    God:
Gold:   77         SH:  0    Dex: 15    Spells: 7/13 levels left

rFire    . . .     SeeInvis .     - Unarmed
rCold    . . .     Faith    .   (no shield)
rNeg     . . .     Spirit   .   a - +0 robe
rPois    .         Reflect  .   (helmet currently unavailable)
rElec    .         Harm     .   m - +0 cloak
rCorr    .         Rampage  .   (no gloves)
Will     .....                  (boots currently unavailable)
Stlth    ++........             (no amulet)
HPRegen  0.11/turn              (no ring)
MPRegen  0.12/turn              (no ring)

@: appendages
A: distributed training, fangs 1, horns 2, talons 2, strong nose
a: End Transformation


You were on level 3 of the Dungeon.
You had grown temporary horns.
You had grown temporary talons.
You visited 1 branch of the dungeon, and saw 3 of its levels.

You collected 77 gold pieces.

Inventory:

Missiles
 c - 5 boomerangs
 g - 28 poisoned darts (quivered)
Armour
 a - a +0 robe (worn)
 m - a +0 cloak (worn)
 p - a +0 pair of boots (melded)
Jewellery
 d - an uncursed ring of flight {unknown}
 n - an uncursed ring of flight {unknown}
Scrolls
 b - a scroll of blinking {unknown}
 f - 2 scrolls of teleportation {unknown}
 i - 2 scrolls of remove curse {unknown}
 j - a scroll of noise {unknown}
 k - a scroll of enchant armour {unknown}
 o - a scroll of random uselessness {unknown}
 q - 2 scrolls of amnesia {unknown}
 s - a scroll of identify {unknown}
Potions
 e - a potion of magic {unknown}
 h - 2 potions of mutation {unknown}
 l - a potion of flight {unknown}
 r - a potion of haste {unknown}


   Skills:
 + Level 2.7 Fighting
 + Level 1.1 Short Blades
 + Level 1.1 Long Blades
 + Level 1.1 Axes
 + Level 1.1 Maces & Flails
 + Level 1.1 Polearms
 + Level 1.1 Staves
 + Level 1.1 Slings
 + Level 1.1 Bows
 + Level 1.1 Crossbows
 + Level 1.1 Throwing
 + Level 1.1 Armour
 + Level 4.6 Dodging
 + Level 1.1 Stealth
 + Level 1.1 Shields
 + Level 6.6 Unarmed Combat
 + Level 5.1 Spellcasting
 + Level 0.9 Conjurations
 + Level 0.9 Hexes
 + Level 0.9 Summonings
 + Level 0.9 Necromancy
 + Level 0.9 Translocations
 + Level 3.8 Transmutations
 + Level 0.9 Fire Magic
 + Level 0.9 Ice Magic
 + Level 0.9 Air Magic
 + Level 0.9 Earth Magic
 + Level 0.9 Poison Magic
 + Level 1.2 Invocations
 + Level 1.1 Evocations


You had 7 spell levels left.
You knew the following spells:

 Your Spells              Type           Power        Failure   Level
a - Beastly Appendage     Tmut           32%          3%          1
b - Wereblood             Tmut           16%          4%          2
c - Spider Form           Tmut/Pois      5%           17%         3

Your spell library contained the following spells:

 Spells                   Type           Power        Failure   Level
 Ice Form                 Ice/Tmut       11%          50%         4
 Blade Hands              Tmut           8%           65%         5


Dungeon Overview and Level Annotations

Branches:
Dungeon (3/15)

Altars:
Zin


Innate Abilities, Weirdness & Mutations

Your experience applies equally to all skills.
You have very sharp teeth.
Your uncanny sense of smell can sniff out nearby items.
You have a pair of horns on your head.
You have razor-sharp toenails.


Message History

2 gnolls come into view.
A gnoll is wielding a +2 halberd of flaming.
The gnoll shouts! x4; You hear a shout!
The gnoll hits you with a +0 spear.
The gnoll picks up a scroll labelled VUIRIQ LEGHUCW.
Casting: Beastly Appendage (safe; 3% risk of failure)
Confirm with . or Enter, or press ? or * to list all spells.
You grow a pair of large bovine horns.
Your feet morph into talons.
Your +0 pair of boots melds into your body.
The gnoll barely misses you.
The gnoll throws a throwing net.
The throwing net misses you. The gnoll hits you with a +0 spear.
The gnoll hits you. The gnoll hits you with a +0 halberd.
The gnoll barely misses you.
Unknown command.
Unknown command.
The gnoll hits you with a +0 spear!
The gnoll hits you from afar with a +0 halberd!
* * * LOW HITPOINT WARNING * * *
The gnoll hits you from afar with a +0 spear!
You die...

## # ...... ..
###........ .
##.......... ##.
#..#.##.(... #..
#.......... ∆
######.###<.#.#...####
#...........#.#/#....#
#............@........
#..........###.g#####
#.........## #g##
#.........##g.g#
#........###....
#####.#####....!. #.
#....... #. #.......#
.. ........#


You could see 3 gnolls.

Vanquished Creatures
  3 adders (D:2)
  A worm (D:2)
  2 dart slugs (D:1)
  2 leopard geckos
  4 giant cockroaches
  7 goblins
  5 hobgoblins
  7 kobolds
  6 bats
  3 frilled lizards
  6 rats
46 creatures vanquished.

Notes
Turn   | Place    | Note
-------+----------+-------------------------------------------
     0 | D:1      | Groucho the Gnoll Transmuter began the quest for the Orb.
     0 | D:1      | Reached XP level 1. HP: 17/17 MP: 6/6
   550 | D:1      | Reached XP level 2. HP: 22/23 MP: 5/7
  1556 | D:1      | Reached XP level 3. HP: 21/28 MP: 7/9
  1567 | D:1      | Reached skill level 5 in Spellcasting
  1848 | D:2      | Learned a level 2 spell: Wereblood
  1852 | D:2      | Learned a level 3 spell: Spider Form
  1898 | D:2      | Reached skill level 1 in Invocations
  2555 | D:2      | Reached skill level 1 in Short Blades
  2555 | D:2      | Reached skill level 1 in Long Blades
  2555 | D:2      | Reached skill level 1 in Axes
  2555 | D:2      | Reached skill level 1 in Maces & Flails
  2555 | D:2      | Reached skill level 1 in Polearms
  2555 | D:2      | Reached skill level 1 in Staves
  2555 | D:2      | Reached skill level 1 in Slings
  2555 | D:2      | Reached skill level 1 in Bows
  2555 | D:2      | Reached skill level 1 in Crossbows
  2555 | D:2      | Reached skill level 1 in Throwing
  2555 | D:2      | Reached skill level 1 in Armour
  2555 | D:2      | Reached skill level 1 in Stealth
  2555 | D:2      | Reached skill level 1 in Shields
  2555 | D:2      | Reached skill level 1 in Evocations
  2562 | D:2      | Found a glowing silver altar of Zin.
  2705 | D:2      | Reached XP level 4. HP: 26/34 MP: 11/11
  3394 | D:3      | HP: 1/34 [gnoll/+0 halberd (12)]
  3395 | D:3      | Mangled by a gnoll

Illustrated notes

Levels and vault maps discovered:
D:1:      wander_arrival_peaceful_grave, layout_basic
D:2:      layout_basic, nicolae_overflow_crystal_walls
D:3:      layout_rooms, nzn_hepliaklqana_mist_gate,
          chequers_ecumenical_altar_island

Skill      XL: |  1  2  3 |
---------------+----------+-----
Spellcasting   | 5 |  5.1
Invocations    | 1 |  1.2
Short Blades   | 1 |  1.1
Long Blades    | 1 |  1.1
Axes           | 1 |  1.1
Maces & Flails | 1 |  1.1
Polearms       | 1 |  1.1
Staves         | 1 |  1.1
Slings         | 1 |  1.1
Bows           | 1 |  1.1
Crossbows      | 1 |  1.1
Throwing       | 1 |  1.1
Armour         | 1 |  1.1
Stealth        | 1 |  1.1
Shields        | 1 |  1.1
Evocations     | 1 |  1.1
Fighting       | |  2.7
Dodging        | |  4.6
Unarmed Combat | |  6.6
Conjurations   | |  0.9
Hexes          | |  0.9
Summonings     | |  0.9
Necromancy     | |  0.9
Translocations | |  0.9
Transmutations | |  3.8
Fire Magic     | |  0.9
Ice Magic      | |  0.9
Air Magic      | |  0.9
Earth Magic    | |  0.9
Poison Magic   | |  0.9

Action                   |  1- 3 |  4- 6 || total
-------------------------+-------+-------++-------
Melee: Unarmed           |    86 |    26 ||   112
       Kick              |     9 |     2 ||    11
       Headbutt          |     6 |     1 ||     7
       Bite              |     7 |     5 ||    12
Throw: Dart              |       |     1 ||     1
 Cast: Beastly Appendage |    19 |     3 ||    22
       Spider Form       |     1 |       ||     1
 Stab: Sleeping          |     4 |       ||     4
Armor: Robe              |    13 |     7 ||    20
Dodge: Dodged            |    53 |    28 ||    81
